 Dungeon Crawl Stone Soup version 0.31-a0-692-gf03d1854d5 (webtiles) character file.

Game seed: 480982046120433407

160 yustus the Conjurer (level 5, 0/35 HPs)
             Began as a Human Conjurer on Sept 7, 2023.
             Slain by a cerulean imp
             ... wielding a +2 spear
             ... summoned by Ordine's ghost
              (2 damage)
             ... on level 3 of the Dungeon.
             The game lasted 00:25:28 (2551 turns).

yustus the Conjurer (Human Conjurer)                Turns: 2551, Time: 00:25:28

Health: 0/35       AC:  2    Str: 14    XL:     5   Next: 69%
Magic:  0/9        EV: 12    Int: 20    God:
Gold:   27         SH:  0    Dex: 11    Spells: 7/10 levels left

rFire   + . .        b - +2 dagger (flame)
rCold   . . .        (no shield)
rNeg    . . .        a - +0 robe
rPois   .            (no helmet)
rElec   .            (no cloak)
rCorr   .            (no gloves)
SInv    .            (no boots)
Will    .....        (no amulet)
Stlth   ++           n - ring of protection from fire
HPRegen 0.25/turn    m - +6 ring of strength
MPRegen 0.11/turn

%: no passive effects
@: no status effects
A: no striking features
a: no special abilities


You were on level 3 of the Dungeon.
You visited 1 branch of the dungeon, and saw 3 of its levels.

You collected 79 gold pieces.
You spent 52 gold pieces at shops.

Inventory:

Hand Weapons
 b - a +2 dagger of flaming (weapon)
Armour
 a - a +0 robe (worn)
Jewellery
 m - a +6 ring of strength (right hand)
 n - a ring of protection from fire (left hand)
Scrolls
 d - a scroll of enchant armour {unknown}
 e - a scroll of identify
 f - 2 scrolls of teleportation {unknown}
 h - a scroll of revelation {unknown}
 i - 3 scrolls of amnesia
 k - a scroll of torment {unknown}
 o - 3 scrolls of immolation
 p - a scroll of vulnerability {unknown}
 s - a scroll of blinking {unknown}
Potions
 g - 3 potions of curing
 j - a potion of heal wounds {unknown}
 l - a potion of haste {unknown}
 q - a potion of might {unknown}
 r - a potion of lignification {unknown}


   Skills:
 + Level 2.8 Dodging
 + Level 3.3 Stealth
 + Level 3.0 Spellcasting
 + Level 4.9 Conjurations


You had 7 spell levels left.
You knew the following spells:

 Your Spells              Type           Power      Damage    Failure   Level
a - Magic Dart            Conj           88%        1d7       1%          1
b - Searing Ray           Conj           44%        2d6       2%          2

Your spell library contained the following spells:

 Spells                   Type           Power      Damage    Failure   Level
 Dazzling Flash           Conj/Hex       24%        N/A       16%         3
 Fulminant Prism          Conj/Hex       6%         3d6       45%         4
 Iskenderun's Mystic Bla  Conj/Tloc      12%        2d5       45%         4


Dungeon Overview and Level Annotations

Branches:
Dungeon (3/15)

Altars:

Shops:
D:2 *

Annotations:
D:3 Ordine's ghost, amateur DEHW


Message History

The cerulean imp hits you from afar with a +2 spear.
Casting: Magic Dart (safe; 1% risk of failure)
Confirm with . or Enter, or press ? or * to list all spells.
You don't know that spell.
Ordine's ghost hits your quokka but does no damage.
The cerulean imp hits you from afar with a +0 spear.
Your hobgoblin is engulfed in noxious fumes.
Your hobgoblin appears confused.
The cerulean imp hits you with a +2 spear.
Your quokka barely misses Ordine's ghost.
Ordine's ghost gestures at your quokka while chanting.
The magic dart hits your quokka!
Your quokka dies!
Your quokka's corpse dissolves into shadows!
The cerulean imp hits you from afar with a +2 spear.
Ordine's ghost turns its malevolent gaze towards you.
Casting: Magic Dart (safe; 1% risk of failure)
Confirm with . or Enter, or press ? or * to list all spells.
Aiming: Searing Ray (safe; 2% risk of failure)
Press: ? - help, Shift-Dir - straight line, f/p - Ordine's ghost
Aim: Ordine's ghost (almost destroyed, ally target, 69% to hit)
The searing ray hits Ordine's ghost but does no damage.
Ordine's ghost is almost destroyed.
The searing ray hits the cerulean imp.
The cerulean imp is moderately wounded. (Press . to maintain the ray.) Ordine's ghost mumbles some strange words.
The cerulean imp hits you from afar with a +0 spear.
The cerulean imp hits you from afar with a +2 spear.
Ordine's ghost gestures at you while chanting.
The magic dart hits you!
* * * LOW HITPOINT WARNING * * *
The cerulean imp hits you from afar with a +0 spear.
* * * LOW HITPOINT WARNING * * *
The cerulean imp hits you from afar with a +1 spear.
* * * LOW HITPOINT WARNING * * *
As you read the scroll of summoning, it crumbles to dust.
Wisps of shadow whirl around you...
The cerulean imp hits you from afar with a +2 spear.
You die...

##### ....# ####### ###.####
#...[.# # #....### #.....######
####.).### #...........
###........###########)........##
.......).....)5.@...)....))....>.
###......[....b..g.########.....#
#............5W5B.# #......#
#.........###'''#########...รท#.#
#.........#$....(.#..........#.#
#.........#..(....#..........#.#
##.........#....8..#.......####.#
.....#######((.....#....##.# #.#
.(...# #..?(.(.#######)# #.#


You could see Ordine's ghost (ally target), 3 cerulean imps, a friendly giant
cockroach (summoned), a friendly hobgoblin (summoned, confused) and a friendly
bat (summoned, wandering).

Vanquished Creatures
  Terence (D:3)
  An orc wizard (D:3)
  2 adders (D:3)
  A worm (D:2)
  2 dart slugs (D:1)
  13 orcs (D:3)
  5 ball pythons
  3 endoplasms
  2 giant cockroaches (D:3)
  4 goblins (D:1)
  6 hobgoblins
  10 jackals
  A quokka (D:2)
  5 bats
  2 frilled lizards
  7 kobolds
65 creatures vanquished.

Notes
Turn   | Place    | Note
-------+----------+-------------------------------------------
     0 | D:1      | yustus the Human Conjurer began the quest for the Orb.
     0 | D:1      | Reached XP level 1. HP: 13/13 MP: 3/3
   103 | D:1      | Reached XP level 2. HP: 6/19 MP: 0/5
   342 | D:1      | Reached XP level 3. HP: 9/24 MP: 3/6
   615 | D:1      | Learned a level 2 spell: Searing Ray
  1050 | D:2      | Found Anwiz's Assorted Antiques.
  1059 | D:2      | Bought a coppery potion for 26 gold pieces
  1059 | D:2      | Bought an emerald potion for 26 gold pieces
  1271 | D:2      | Reached XP level 4. HP: 30/30 MP: 4/7
  1554 | D:3      | Noticed Terence
  1590 | D:3      | Killed Terence
  1774 | D:3      | Found a runed translucent gate.
  1774 | D:3      | Noticed Ordine's ghost (amateur DEHW)
  1790 | D:3      | Found a runed translucent gate.
  1791 | D:3      | Found a runed translucent gate.
  1900 | D:3      | Reached XP level 5. HP: 35/35 MP: 4/9
  2551 | D:3      | Slain by a cerulean imp

Illustrated notes

Levels and vault maps discovered:
D:1:      dpeg_arrival_rhombus, layout_rooms
D:2:      layout_rooms, serial_shops, nicolae_shop_dealshenge
D:3:      layout_basic, ebering_ghost_rock_garden, kennysheep_another_room,
          uniq_terence

Skill      XL: |  1  2  3  4  5 |
---------------+----------------+-----
Stealth        | 3 |  3.3
Spellcasting   | 3 |  3.0
Dodging        | |  2.8
Conjurations   | |  4.9

Action                     |  1- 3 |  4- 6 || total
---------------------------+-------+-------++-------
  Melee: Unarmed           |    15 |       ||    15
         Dagger            |    27 |    31 ||    58
   Cast: Magic Dart        |    41 |    32 ||    73
         Searing Ray       |     7 |    20 ||    27
    Use: Potion            |     1 |     1 ||     2
         Scroll            |       |     6 ||     6
   Stab: Sleeping          |       |     3 ||     3
         Distracted        |       |     1 ||     1
 Armour: Robe              |    21 |    37 ||    58
  Dodge: Dodged            |    29 |    31 ||    60

Table legend: (Time is in decaauts)
 A = Elapsed time spent in this place.
 B = Non-inter-level travel time spent in this place.
 C = Inter-level travel time spent in this place.
 D = Time resting spent in this place.
 E = Time spent auto-exploring this place.
 F = Levels seen in this place.
 G = Mean time per level.
                   A        B        C        D        E       F      G
               +--------+--------+--------+--------+--------+-----+--------+
         Total |   2548 |   2548 |      0 |    738 |   1122 |   3 |  849.3 |
       Dungeon |   2548 |   2548 |      0 |    738 |   1122 |   3 |  849.3 |
               +--------+--------+--------+--------+--------+-----+--------+

Top non-repeatable levels by time:
     D:3: 1103 daAuts
     D:2: 724 daAuts
     D:1: 721 daAuts
